 Dungeon Crawl Stone Soup version 0.29.0-5-ge4962eb29e (webtiles) character file.

Game seed: 14294702834026076906

57500 mdonais the Brawler (level 14, -2/153 HPs)
             Began as a Troll Cinder Acolyte on Aug 30, 2022.
             Was a High Priest of Okawaru.
             Succumbed to a death drake's dark miasma
             ... on level 14 of the Dungeon.
             The game lasted 01:01:59 (20137 turns).

mdonais the Brawler (Troll Cinder Acolyte)         Turns: 20137, Time: 01:01:59

Health: -2/153     AC: 14    Str: 29    XL:     14   Next: 46%
Magic:  15/15      EV:  9    Int: 10    God:    Okawaru [*****.]
Gold:   2074       SH: 12    Dex:  5    Spells: 15/15 levels left

rFire   + . .      SeeInvis .     - Unarmed
rCold   + . .      Faith    .   n - +2 kite shield
rNeg    . . .      Spirit   .   z - +2 robe {Will+}
rPois   .          Reflect  .   (helmet restricted)
rElec   .          Harm     .   S - scarf {rC+ rF+}
rCorr   .          Rampage  .   (gloves unavailable)
Will    ++...                   (boots unavailable)
Stlth   ++........              (no amulet)
HPRegen 1.15/turn               i - +4 ring of protection
MPRegen 0.14/turn               U - +4 ring of protection

@: lethally poisoned (-2 -> -34), about to teleport, heroic, slowed, very slow
A: large, unfitting armour, claws 3, regeneration 1, shaggy fur 1, tough skin 1
a: Renounce Religion, Heroism, Finesse, Duel


You were on level 14 of the Dungeon.
You worshipped Okawaru.
Okawaru was extremely pleased with you.
You visited 4 branches of the dungeon, and saw 22 of its levels.
You also visited: Sewer.

You collected 2768 gold pieces.
You spent 694 gold pieces at shops.

Inventory:

Hand Weapons
 c - a +1 war axe of flaming
   (You took it off an orc warrior on level 1 of the Orcish Mines)
 g - the +10 whip "Widuinopt" {flame, Fragile rElec rN+ Will+}
   (You found it on level 4 of the Lair of Beasts)

   It burns those it strikes, dealing additional fire damage.
   rElec:     It insulates you from electricity.
   rN:        It protects you from negative energy.
   Fragile:   It will be destroyed if unequipped.
   Will:      It increases your willpower.
Missiles
 h - 25 poisoned darts
 t - 29 boomerangs
 u - 4 silver boomerangs
 v - 11 javelins
 w - 13 large rocks (quivered)
 x - 2 silver javelins
 F - 2 curare-tipped darts
 J - 8 atropa-tipped darts
 K - 4 boomerangs of dispersal
Armour
 n - a +2 kite shield (worn)
   (You took it off a gnoll sergeant on level 12 of the Dungeon)
 z - a +2 robe of willpower (worn)
   (You took it off Pikel on level 6 of the Dungeon)
 L - +0 acid dragon scales
   (You took it off Maggie on level 7 of the Dungeon)
 S - a scarf of resistance (worn)
   (You bought it in a shop on level 2 of the Orcish Mines)
Jewellery
 i - a +4 ring of protection (left claw)
   (You found it on level 1 of the Dungeon)
 k - the ring of Xom's Entertainment {rF+ Dex+4}
   (You acquired it on level 4 of the Dungeon)

   [ring of protection from fire]

   Dex:       It affects your dexterity (+4).
   rF:        It protects you from fire.
 p - a ring of positive energy
   (You found it on level 2 of the Dungeon)
 y - a +4 ring of slaying
   (You found it on level 13 of the Dungeon)
 U - a +4 ring of protection (right claw)
   (You found it on level 3 of the Dungeon)
 W - a ring of ice
   (You took it off Fannar on level 10 of the Dungeon)
Wands
 I - a wand of iceblast (6)
   (You found it on level 4 of the Dungeon)
 M - a wand of polymorph (3)
   (You took it off Maggie on level 7 of the Dungeon)
 V - a wand of flame (4)
   (You found it on level 7 of the Dungeon)
Scrolls
 f - a scroll of fog
 m - 4 scrolls of enchant weapon
 o - 3 scrolls of vulnerability
 q - 2 scrolls of poison
 B - 3 scrolls of blinking
 D - 4 scrolls of enchant armour
 E - a scroll of fear
 G - 2 scrolls of immolation
 N - a scroll of silence
 T - 7 scrolls of teleportation
Potions
 a - 2 potions of invisibility
 b - 3 potions of heal wounds
 d - 3 potions of cancellation
 e - 3 potions of magic
 j - 3 potions of mutation
 l - 3 potions of flight
 r - a potion of resistance
 s - 3 potions of might
 C - 2 potions of lignification
 H - 7 potions of haste
 O - 2 potions of attraction
 P - a potion of ambrosia
 Q - 5 potions of curing
Miscellaneous
 Y - a tin of tremorstones (inert)
   (You found it on level 11 of the Dungeon)


   Skills:
 + Level 13.5(18.5) Fighting
 + Level 7.4(12.4) Throwing
 - Level 4.0(9.0) Armour
 + Level 7.1(12.1) Shields
 + Level 15.7(20.7) Unarmed Combat
 - Level 1.0 Spellcasting
 - Level 2.1 Fire Magic
 + Level 3.2 Invocations
 - Level 3.0 Evocations


You had 15 spell levels left.
You didn't know any spells.
Your spell library contained the following spells:

 Spells                   Type           Power      Damage    Failure   Level
 Scorch                   Fire           8%         2d5       34%         2
 Shock                    Conj/Air       0%         1d3       50%         1
 Poisonous Vapours        Pois/Air       0%         N/A       65%         2
 Dazzling Flash           Conj/Hex       0%         N/A       86%         3
 Swiftness                Air            0%         N/A       86%         3
 Airstrike                Air            0%         2d(0-16)  99%         4
 Corpse Rot               Necr/Pois/Air  0%         N/A       99%         4
 Iskenderun's Mystic Bla  Conj/Tloc      0%         2d3       99%         4
 Fireball                 Conj/Fire      1%         3d3       100%        5
 Starburst                Conj/Fire      1%         6d3       100%        6
 Borgnjor's Revivificati  Necr           0%         N/A       100%        8
 Ignition                 Fire           2%         3d3       100%        8
 Necromutation            Tmut/Necr      0%         N/A       100%        8
 Death's Door             Necr           0%         N/A       100%        9


Dungeon Overview and Level Annotations

Branches:
Dungeon (14/15) Zot: 24649  Temple (1/1) D:4 Zot: 5862    Lair (5/5) D:9 Zot: 25535
  Swamp (0/4) Lair:2        Snake (0/4) Lair:2          Orc (2/2) D:12 Zot: 9556
    Elf (0/3) Orc:2         Sewer (visited)
  Slime: Lair:4-5    Vaults: D:13-14

Altars:
Ashenzari
Cheibriados
Dithmenos
Elyvilon
Fedhas
Gozag
Hepliaklqana
Kikubaaqudgha
Makhleb
Nemelex Xobeh
Okawaru
Qazlal
Ru
Sif Muna
Trog
Uskayaw
Vehumet
Wu Jian
Xom
Yredelemnul
Zin
The Shining One
Jiyva

Shops:
D:3 *   D:7 ?   D:13 *   Orc:2 =![*?

Portals:
Pandemonium: Orc:2

Annotations:
D:3 3 runed translucent doors, experimilk's ghost, weakling PaAK
Lair:4 bee dig, 2 transporters, exclusion: oklob plant, Kyusiynim's ghost, journeyman GnEn
Lair:5 exclusion: 3 doors


Innate Abilities, Weirdness & Mutations

You are too large for most types of armour.
You have claws for hands.
Your natural rate of healing is unusually fast.
You are covered in fur. (AC +1)
You have tough skin. (AC +1)


Message History

You climb downwards.
There is a stone staircase leading up here.
Done exploring.
Done exploring.
(D) Dungeon (T) Temple (L) Lair (S) Swamp (P) Snake Pit (O) Orcish Mines (E) Elven Halls
Where to? (Enter - D:13, ? - help)
There is a stone staircase leading down here.
You climb downwards.
There is a stone staircase leading up here.
There is a shaft here.
An ogre comes into view. It is wielding a +0 giant spiked club.
The ogre shouts!
You hear a shout! x2; You hear a roar!
An ogre comes into view. It is wielding a +0 giant spiked club.
The ogre shouts!
An ogre comes into view. It is wielding a +0 giant spiked club.
The ogre shouts!
You hear a shout! x2
An ogre comes into view. It is wielding a +0 giant spiked club.
You block the ogre's attack.
Lodul the Thundrous comes into view.
He is wielding a +0 dire flail.
You mangle the ogre!!
The ogre is severely wounded.
You eviscerate the ogre!!!
You kill the ogre!
Okawaru accepts your kill.
Lodul shouts, "Intruder!"
You eviscerate the ogre!!!
You kill the ogre!
Okawaru accepts your kill.
Electricity crackles from Lodul's apparatus.
The bolt of lightning hits you!!
You take 31 damage, and have 122/153 hp.
MASSIVE DAMAGE!!
You completely miss the ogre.
Electricity crackles from Lodul's apparatus.
The bolt of lightning hits you!! You block the ogre's attack.
An ogre comes into view. It is wielding a +0 giant spiked club.
You take 28 damage, and have 94/153 hp.
You gain the combat prowess of a mighty hero.
A rakshasa comes into view. It is wielding a +0 long sword.
Electricity crackles from Lodul's apparatus.
The bolt of lightning hits you!! You block the ogre's attack.
You take 19 damage, and have 75/153 hp.
You now have 13/15 mp.
You are too injured to fight recklessly!
You are too injured to fight recklessly!
The tremorstone explodes into fragments!
The burst of rock shards engulfs the ogre!! x2
The burst of rock shards engulfs the rakshasa!
The burst of rock shards engulfs Lodul!!
The burst of rock shards engulfs the ogre!
The burst of rock shards engulfs Lodul!!
The burst of rock shards engulfs the ogre!!
You kill the ogre!
Okawaru accepts your kill.
The burst of rock shards engulfs the ogre!!
You kill the ogre!
Okawaru accepts your kill.
The burst of rock shards engulfs the rakshasa!
You hear a shout!
You hear an angry hiss.
You hear a shout!
A five-headed hydra comes into view.
You eviscerate the ogre!!!
You kill the ogre!
Okawaru accepts your kill.
You hear a shout!
Electricity crackles from Lodul's apparatus.
The bolt of lightning hits you!
You take 14 damage, and have 62/153 hp.
The tremorstone explodes into fragments!
The burst of rock shards engulfs Lodul!!
The burst of rock shards engulfs the five-headed hydra!
The burst of rock shards engulfs Lodul!!
You kill Lodul!
Okawaru accepts your kill.
The burst of rock shards engulfs the five-headed hydra!
Okawaru accepts your kill.
You feel a bit more experienced.
The tin is emptied!
You hear an angry hiss.
The rakshasa hits you with a +0 long sword.
You take 2 damage, and have 60/153 hp.
You scratch the rakshasa.
The rakshasa is moderately wounded.
You completely miss the rakshasa.
The rakshasa is moderately wounded.
An ogre comes into view. It is wielding a +0 giant club.
You block the rakshasa's attack.
The ogre shouts!
You eviscerate the rakshasa!!!
You kill the rakshasa!
Okawaru accepts your kill.
You claw one of the five-headed hydra's heads off!
The four-headed hydra grows two more!
You scratch the six-headed hydra.
The six-headed hydra is moderately wounded.
You block the six-headed hydra's attack.
The six-headed hydra bites you!
The six-headed hydra bites you but does no damage.
The six-headed hydra bites you!
* * * LOW HITPOINT WARNING * * *
You block the six-headed hydra's attack.
The six-headed hydra bites you but does no damage.
You take 25 damage, and have 37/153 hp.
Throw: 16 large rocks
Press: ? - help, Q - select action, (/) - cycle Shift-Dir - straight line, f - six-headed hydra
Aim: a six-headed hydra (moderately wounded, 83% to hit)
You throw a large rock.
The large rock hits the six-headed hydra!!!
The six-headed hydra is almost dead.
You block the six-headed hydra's attack.
The six-headed hydra completely misses you.
You block the six-headed hydra's attack.
The six-headed hydra bites you!
* * * LOW HITPOINT WARNING * * *
The six-headed hydra bites you but does no damage. x2
An ogre comes into view. It is wielding a +0 giant club.
You take 6 damage, and have 31/153 hp.
Throw: 15 large rocks
Press: ? - help, Q - select action, (/) - cycle Shift-Dir - straight line, f/p - six-headed hydra
Aim: a six-headed hydra (almost dead, 83% to hit)
You throw a large rock.
The large rock hits the six-headed hydra!!!
You kill the six-headed hydra!
Okawaru accepts your kill.
You eviscerate the ogre!!!
You kill the ogre!
Okawaru accepts your kill.
You barely miss the ogre. You block the ogre's attack.
You claw the ogre!
The ogre is moderately wounded.
A death drake comes into view.
You mangle the ogre!!
You kill the ogre!
Okawaru accepts your kill. Okawaru grants you throwing weapons!
Something appears at your feet!
Throw: 14 large rocks
Press: ? - help, Q - select action, (/) - cycle Shift-Dir - straight line, f - death drake
Aim: a death drake (58% to hit)
You throw a large rock.
The large rock completely misses the death drake.
The death drake breathes miasma at you. The foul vapour engulfs you!
You are poisoned.
You feel yourself slow down.
* * * LOW HITPOINT WARNING * * *
You take 10 damage, and have 25/153 hp.
As you read the scroll of teleportation, it crumbles to dust.
You feel strangely unstable.
You are engulfed in dark miasma.
You are lethally poisoned!
You feel as though you will be slow longer.
* * * LOW HITPOINT WARNING * * *
You die...

## #.## # #
#.###. #.
#..#.# #..
#.#.#
##...########
#.#.##
#()k○°@°°°°°#
#.#...
#.#.#####°#°#
#.#### #.#.#
#.# #.#.# #.#
#.#.# #.#
#.#.# #.#
#.#.# #.#
#.#.# #.# #.#
#.#


You could see a death drake (catching breath).

Vanquished Creatures
  Jorgrun (D:14)
  Azrael (Orc:1)
  Josephine (Orc:2)
  An ettin (Orc:2)
  Fannar (D:10)
  A boulder beetle (D:11)
  A rakshasa (D:14)
  A demonspawn (Orc:2)
  4 hydras
  2 centaur warriors
  3 two-headed ogres
  Erica (Lair:1)
  6 orc high priests (Orc:2)
  Sonja (D:10)
  A skeletal warrior (D:8)
  Lodul (D:14)
  A lindwurm (Lair:5)
  4 orc knights
  2 manticores (D:11)
  Pikel (D:6)
  6 orc sorcerers (Orc:2)
  An ugly thing (D:13)
  A deep elf pyromancer (D:13)
  4 elephants (Lair:5)
  4 cyclopes
  2 black mambas
  Joseph (D:9)
  9 cane toads
  A gargoyle (D:12)
  A torpor snail (Lair:4)
  Maggie (D:7)
  A rime drake (Lair:3)
  An efreet (D:13)
  7 komodo dragons
  A red devil (Orc:2)
  5 trolls
  A hornet (D:7)
  A merfolk (Orc:2)
  Prince Ribbit (D:5)
  2 polar bears
  Grinder (Sewer)
  3 blink frogs (Lair:4)
  5 slime creatures (D:13)
  A shadow (D:11)
  Eustachio (D:6)
  A vampire (D:11)
  7 wraiths
  2 wyverns
  19 fire elementals
  32 yaks
  3 basilisks
  12 vampire mosquitoes
  3 wargs
  A chaos spawn (Orc:2)
  4 nagas (Lair:2)
  A swamp worm (Lair:2)
  An acid dragon (D:10)
  11 water moccasins
  2 hell hounds (Orc:1)
  35 orc warriors
  A sky beast (D:8)
  An ice beast (D:6)
  6 wolves (Lair:2)
  19 ogres
  A centaur (D:6)
  4 kobold brigands
  7 bullfrogs
  A necrophage (D:6)
  7 gnoll sergeants
  11 wights
  8 killer bees
  3 howler monkeys
  2 electric eels (Lair:2)
  A quasit (Sewer)
  2 jellies
  A hound (D:4)
  23 orc priests
  A gnoll bouda (D:9)
  24 orc wizards
  4 iguanas (D:5)
  13 gnolls
  3 river rats (D:4)
  5 adders
  3 shadow imps
  A white imp (D:5)
  5 ufetubi
  12 worms
  3 dart slugs
  84 orcs
  11 ball pythons
  2 endoplasms
  5 giant cockroaches
  8 goblins
  9 hobgoblins
  6 jackals
  10 quokkas
  7 bats
  4 frilled lizards
  18 kobolds
  3 rats
570 creatures vanquished.

Vanquished Creatures (others)
  An orc priest (Orc:2)
  2 bat zombies (Sewer)
  A kobold zombie (Sewer)
  28 foxfires
  12 fungi
  58 plants
102 creatures vanquished.

Grand Total: 672 creatures vanquished

Notes
Turn   | Place    | Note
-------+----------+-------------------------------------------
     0 | D:1      | mdonais the Troll Cinder Acolyte began the quest for the
                  | Orb.
     0 | D:1      | Reached XP level 1. HP: 22/22 MP: 1/1
   217 | D:1      | Reached XP level 2. HP: 29/29 MP: 2/2
   552 | D:1      | Found a faded altar of an unknown god.
   786 | D:2      | Reached XP level 3. HP: 37/37 MP: 3/3
   913 | D:2      | Found a stormy altar of Qazlal.
  1391 | D:3      | Reached skill level 4 in Unarmed Combat
  1391 | D:3      | Reached XP level 4. HP: 26/45 MP: 4/4
  1636 | D:3      | Found a runed translucent gate.
  1636 | D:3      | Found a runed translucent gate.
  1636 | D:3      | Found a runed translucent gate.
  1636 | D:3      | Noticed experimilk's ghost (weakling PaAK)
  1637 | D:3      | Noticed a kobold brigand
  1866 | D:3      | You fall into a shaft and drop 1 floor!
  1867 | D:4      | Identified a scroll of acquirement
  1868 | D:4      | Acquired the ring of Xom's Entertainment {rF+ Dex+4}
  1923 | D:4      | Noticed an ogre
  1934 | D:4      | Killed an ogre
  1935 | D:4      | Reached XP level 5. HP: 54/54 MP: 5/5
  2074 | D:4      | Reached skill level 5 in Unarmed Combat
  2172 | D:4      | Found a staircase to the Ecumenical Temple.
  2234 | D:4      | Reached XP level 6. HP: 21/62 MP: 6/6
  2358 | D:4      | Found a glowing drain.
  2365 | Sewer    | Entered a sewer
  2465 | Sewer    | Found a burning altar of Makhleb.
  2497 | Sewer    | Noticed Grinder
  2530 | Sewer    | Paralysed by Grinder for 2 turns
  2542 | Sewer    | Killed Grinder
  2543 | Sewer    | Reached skill level 5 in Fighting
  2543 | Sewer    | Reached skill level 6 in Unarmed Combat
  2543 | Sewer    | Reached XP level 7. HP: 46/72 MP: 7/7
  3014 | Temple   | Entered the Ecumenical Temple
  3188 | D:5      | Entered Level 5 of the Dungeon
  3402 | D:3      | Found Peymyosa's Assorted Antiques.
  3408 | D:3      | Bought 2 bubbling red potions for 43 gold pieces
  3408 | D:3      | Bought a fizzy emerald potion for 21 gold pieces
  3545 | D:5      | Found a blossoming altar of Fedhas.
  3545 | D:5      | Noticed Prince Ribbit
  3552 | D:5      | Killed Prince Ribbit
  3553 | D:5      | Reached skill level 7 in Unarmed Combat
  3583 | D:5      | Found a stormy altar of Qazlal.
  3591 | D:5      | Reached XP level 8. HP: 70/83 MP: 8/8
  3633 | D:5      | Found a sacrificial altar of Ru.
  4411 | D:6      | Noticed Eustachio
  4428 | D:6      | Killed Eustachio
  4429 | D:6      | Reached skill level 8 in Unarmed Combat
  4572 | D:6      | Found a white marble altar of Elyvilon.
  5217 | D:7      | Noticed Pikel
  5225 | D:6      | Killed Pikel
  5226 | D:6      | Reached skill level 9 in Unarmed Combat
  5226 | D:6      | Reached XP level 9. HP: 75/94 MP: 9/9
  5304 | D:7      | Noticed a +0 dagger
  5305 | D:7      | Noticed a +0 spear
  5305 | D:7      | Noticed a +0 short sword
  5305 | D:7      | Noticed a +0 dagger
  5305 | D:7      | Noticed a +0 short sword
  5306 | D:7      | Noticed a +0 falchion
  5306 | D:7      | Noticed a +0 spear
  5307 | D:7      | Noticed a +0 falchion
  5324 | D:7      | Found a burning altar of Makhleb.
  5344 | D:7      | Found a hide-covered altar of Uskayaw.
  5371 | D:7      | Found a shimmering altar of Xom.
  5414 | D:7      | Noticed Maggie
  5419 | D:7      | Killed Maggie
  5433 | D:7      | Reached skill level 10 in Unarmed Combat
  5563 | D:7      | Reached skill level 1 in Evocations
  5961 | D:7      | Found an ornate altar of the Wu Jian Council.
  6001 | D:7      | Found Zudaes's Magic Scroll Shoppe.
  6331 | D:8      | Reached skill level 1 in Throwing
  6340 | D:8      | Reached XP level 10. HP: 102/106 MP: 10/10
  6553 | D:8      | Found the +5 scythe "Finisher" {speed, eviscerate}
  6555 | D:8      | Noticed a skeletal warrior
  6564 | D:8      | Killed a skeletal warrior
  6565 | D:8      | Reached skill level 11 in Unarmed Combat
  7350 | D:9      | Found a staircase to the Lair.
  7696 | D:9      | Found a sparkling altar of Nemelex Xobeh.
  7903 | D:10     | Entered Level 10 of the Dungeon
  8034 | D:10     | Found a glowing golden altar of the Shining One.
  8037 | D:10     | Found a broken altar of Ashenzari.
  8042 | D:10     | Found a glowing silver altar of Zin.
  8102 | D:10     | Noticed Joseph
  8201 | D:9      | Killed Joseph
  8202 | D:9      | Reached skill level 10 in Fighting
  8279 | D:10     | Reached XP level 11. HP: 107/110 MP: 11/11
  8449 | D:10     | Noticed Sonja
  8479 | D:10     | Killed Sonja
  8689 | D:10     | Noticed Fannar
  8747 | D:9      | Reached skill level 12 in Unarmed Combat
  8828 | D:10     | Killed Fannar
  8829 | D:10     | Reached skill level 5 in Throwing
  9281 | D:11     | Identified the +9 whip of the Sun {vorpal, Str+3 Dex+2}
  9454 | D:11     | Noticed a two-headed ogre
  9469 | D:11     | Killed a two-headed ogre
 10075 | Lair:1   | Entered Level 1 of the Lair of Beasts
 10081 | Lair:1   | Noticed Erica
 10160 | Lair:1   | Killed Erica
 10241 | Lair:1   | Acquired 988 gold pieces
 10392 | Lair:1   | Reached skill level 13 in Unarmed Combat
 10451 | Lair:1   | You fall into a shaft and drop 1 floor!
 10738 | Lair:2   | Reached XP level 12. HP: 130/130 MP: 12/12
 10949 | Lair:2   | Found a staircase to the Snake Pit.
 11418 | Lair:2   | Found a staircase to the Swamp.
 12743 | Lair:4   | Found a transporter.
 12746 | Lair:4   | Found a transporter.
 12766 | Lair:4   | Noticed Kyusiynim's ghost (journeyman GnEn)
 12844 | Lair:4   | Identified the +10 whip "Widuinopt" {flame, Fragile rElec
                  | rN+ Will+}
 12908 | Lair:4   | Reached skill level 1 in Armour
 12976 | Lair:4   | Reached skill level 14 in Unarmed Combat
 13080 | Lair:4   | Found a viscous altar of Jiyva.
 13215 | Lair:4   | Noticed a six-headed hydra
 13229 | Lair:4   | Killed a two-headed hydra
 13918 | Lair:5   | Entered Level 5 of the Lair of Beasts
 14128 | Lair:5   | Noticed a seven-headed hydra
 14136 | Lair:5   | Killed a five-headed hydra
 14235 | Lair:5   | Reached XP level 13. HP: 107/141 MP: 13/13
 14794 | Temple   | Fell from the grace of Ignis
 14794 | Temple   | Became a worshipper of Warmaster Okawaru
 15198 | D:12     | You fall into a shaft and drop 2 floors!
 15208 | D:14     | Noticed Jorgrun
 15220 | D:14     | Killed Jorgrun
 15220 | D:14     | Reached * piety under Okawaru
 15445 | D:13     | Reached ** piety under Okawaru
 15557 | D:13     | Reached skill level 15 in Unarmed Combat
 15673 | D:13     | Identified the +7 short sword of Bread {vorpal, Drain rC+
                  | Int+3}
 15833 | D:13     | Found Titun's Assorted Antiques.
 16196 | D:12     | Found a staircase to the Orcish Mines.
 16278 | D:11     | Reached *** piety under Okawaru
 16459 | D:12     | Found an iron altar of Okawaru.
 16894 | D:12     | Was forgiven by Ignis
 17082 | Orc:1    | Entered Level 1 of the Orcish Mines
 17104 | D:12     | Reached skill level 1 in Shields
 17478 | D:12     | Found an iron altar of Okawaru.
 17489 | D:12     | Found a staircase to the Orcish Mines.
 18051 | Orc:2    | Entered Level 2 of the Orcish Mines
 18071 | Orc:2    | Noticed Azrael
 18143 | Orc:1    | Killed Azrael
 18253 | Orc:1    | Reached **** piety under Okawaru
 18349 | Orc:2    | Noticed Josephine
 18354 | Orc:2    | Received a gift from Okawaru
 18360 | Orc:2    | Killed Josephine
 18416 | Orc:2    | Reached skill level 5 in Shields
 18658 | Orc:2    | Noticed an ettin
 18685 | Orc:2    | Killed an ettin
 18805 | Orc:2    | Reached XP level 14. HP: 134/153 MP: 15/15
 18821 | Orc:2    | Found Mieraeno's Magic Scroll Emporium.
 18861 | Orc:2    | Found a staircase to the Elven Halls.
 19041 | Orc:2    | Received a gift from Okawaru
 19233 | Orc:2    | Found Kiho's General Store.
 19234 | Orc:2    | Found Goli's Distillery.
 19505 | Orc:2    | Reached ***** piety under Okawaru
 19563 | Orc:2    | Received a gift from Okawaru
 19615 | Orc:2    | Received a gift from Okawaru
 19865 | Orc:2    | Found Ucyiwk's Antique Armour Shop.
 19865 | Orc:2    | Found Xedya's Jewellery Boutique.
 19865 | Orc:2    | Found a one-way gate leading to the halls of Pandemonium.
 19980 | Orc:2    | Bought a jewelled cloak for 266 gold pieces
 19980 | Orc:2    | Identified the +0 cloak "Jiatef" {*Slow rC+ Dex+3} (You
                  | bought it in a shop on level 2 of the Orcish Mines)
 19980 | Orc:2    | Bought a glowing scarf for 224 gold pieces
 20016 | Orc:2    | Bought 2 potions of heal wounds for 140 gold pieces
 20117 | D:14     | Noticed Lodul
 20125 | D:14     | Killed Lodul
 20135 | D:14     | Received a gift from Okawaru
 20137 | D:14     | Succumbed to a death drake's dark miasma

Illustrated notes

Levels and vault maps discovered:
D:1:      mainiacjoe_arrival_reflecting_pool, layout_basic,
          chequers_ecumenical_altar_island
D:2:      layout_loops_ring, basic_altar
D:3:      layout_loops_ring, gammafunk_ghost_nasty_kobolds, serial_shops, shop
D:4:      layout_cave_pools, lemuel_temple_firewalk_b, portal_sewer_entry_e
D:5:      layout_basic, grunt_temple_overflow_forces_of_nature,
          nicolae_ru_awakened_eye, chequers_serial_rivers_micro_b,
          nicolae_wormholes, uniq_prince_ribbit1
D:6:      layout_cave_pods, nicolae_elyvilon_peaceful_grove, uniq_eustachio
D:7:      layout_basic, lemuel_round_altar, lemuel_doored_altar,
          mainiacjoe_overflow_tiny_flanked, nicolae_uskayaw_en_pointe,
          serial_shops, shop, uniq_pikel, uniq_maggie
D:8:      layout_loops_ring, enter_bailey_5, minmay_misc_feat_nine_boxes,
          minmay_guarded_unrand_finisher
D:9:      layout_irregular_city, nemelex_xobeh_ov_fountains_minmay,
          david_lair_shrubbed
D:10:     layout_basic, grunt_temple_overflow_diamond, kennysheep_potato,
          uniq_fannar, uniq_joseph, uniq_sonja
D:11:     layout_loops_corners
D:12:     layout_basic, kennysheep_orc_monster_closet_entryway,
          kennysheep_okawaru_gauntlet
D:13:     layout_basic, serial_shops, kennysheep_mini
D:14:     layout_loops_ring, ximxim_vaults_locker_room, patterned_corridor,
          uniq_agnes, uniq_jorgrun, uniq_lodul
Temple:   nicolae_temple_two_arcs
Lair:1:   layout_gridlike, evilmike_ambush [evilmike_ambush_outer_doors,
          evilmike_ambush_inner_basic], lemuel_fruit_tree, uniq_erica
Lair:2:   layout_concentric_octagons, minmay_swamp_entry_worms,
          minmay_snake_entry_guardpost_small, serial_bayou,
          serial_bayou_lagoon_a, serial_bayou_pond_d, serial_bayou_crossing,
          serial_bayou_pond_a, chequers_serial_rivers_marsh
Lair:3:   wander_river, layout_cave_pods
Lair:4:   layout_regular_city, minmay_slime_entry_oklob_enclosed,
          gammafunk_ghost_hive, fungi_pond_lemuel
Lair:5:   due_jungle_book, layout_big_grid
Orc:1:    layout_diamond_mine, nicolae_orc_sculptors_studio
Orc:2:    pf_orc_diabolical, layout_caves, serial_shops, shop, uniq_josephine,
          uniq_azrael

Skill      XL: |  1  2  3  4  5  6  7  8  9 10 11 12 13 14 |
---------------+-------------------------------------------+-----
Fighting       | 3 4 5 6 7 8 10 11 12 13 | 13.5
Unarmed Combat | 4 5 6 7 9 10 11 13 14 15 | 15.7
Evocations     | 1 2 3 |  3.0
Throwing       | 1 4 5 6 7 |  7.4
Armour         | 4 |  4.0
Invocations    | 3 |  3.2
Shields        | 6 7 |  7.1
Spellcasting   | |  1.0
Fire Magic     | |  2.1

Action                   |  1- 3 |  4- 6 |  7- 9 | 10-12 | 13-15 || total
-------------------------+-------+-------+-------+-------+-------++-------
Melee: Unarmed           |   108 |   163 |   229 |   547 |   626 ||  1673
       Punch             |     1 |     5 |    20 |    33 |    27 ||    86
       Scimitar          |       |       |       |     8 |       ||     8
       Spear             |       |       |       |       |     5 ||     5
Throw: Dart              |       |     3 |     6 |    18 |       ||    27
       Throwing net      |       |     1 |       |     4 |     1 ||     6
       Boomerang         |       |       |       |     4 |       ||     4
       Javelin           |       |       |       |     4 |     2 ||     6
       Large rock        |       |       |       |       |    25 ||    25
Invok: Foxfire Swarm     |       |     1 |       |     1 |       ||     2
       Fiery Armour      |       |     1 |     1 |       |       ||     2
       Heroism           |       |       |       |       |     9 ||     9
Evoke: Wand              |       |     1 |     6 |    13 |     3 ||    23
       Tin of tremorston |       |       |       |       |     2 ||     2
  Use: Scroll            |       |     9 |     5 |     8 |     7 ||    29
       Potion            |       |     1 |     1 |     8 |     2 ||    12
 Stab: Paralysed         |       |       |       |     4 |       ||     4
       Held in net/web   |       |       |       |       |     2 ||     2
Armor: Robe              |    55 |   126 |   122 |   153 |   106 ||   562
       Acid dragon scale |       |       |       |    98 |   132 ||   230
Dodge: Dodged            |    59 |   106 |    97 |   221 |   172 ||   655
Block: Kite shield       |       |       |       |       |   129 ||   129
